 Dungeon Crawl Stone Soup version 0.29-a0-284-gf9362112df (webtiles) character file.

Game seed: 8446333545159484474

72 brightf1ame the Vexing (level 4, -3/33 HPs)
             Began as a Formicid Arcane Marksman on Mar 23, 2022.
             Slain by a kobold
             ... wielding a +1 short sword of speed
              (5 damage)
             ... on level 2 of the Dungeon.
             The game lasted 00:39:48 (1415 turns).

brightf1ame the Vexing (Formicid Arcane Marksman)   Turns: 1415, Time: 00:39:49

Health: -3/33      AC:  2    Str: 15    XL:     4   Next: 50%
Magic:  15/15      EV: 12    Int: 14    God:
Gold:   122        SH:  0    Dex: 11    Spells: 0/5 levels left

rFire   . . .      SeeInvis +   a - +1 hunting sling
rCold   . . .      Faith    .   (no shield)
rNeg    + . .      Spirit   .   b - +0 robe
rPois   .          Reflect  .   (helmet unavailable)
rElec   .          Harm     .   (no cloak)
rCorr   +          Rampage  .   (no gloves)
Will    +....                   (no boots)
Stlth   +.........              (no amulet)
HPRegen 0.11/turn               d - ring of willpower
MPRegen 0.14/turn               e - ring "Foclocuu" {*Slow +Blink rN+ rCorr MP+9}

@: no status effects
A: permanent stasis, dig shafts and tunnels, antennae 3, four strong arms
a: Dig, Shaft Self


You were on level 2 of the Dungeon.
You visited 1 branch of the dungeon, and saw 2 of its levels.

You collected 122 gold pieces.

Inventory:

Hand Weapons
 a - a +1 hunting sling (weapon)
 g - a +0 falchion
Armour
 b - a +0 robe (worn)
Jewellery
 d - a ring of willpower (left hand)
 e - the ring "Foclocuu" (right hand) {*Slow +Blink rN+ rCorr MP+9}
   (You acquired it on level 1 of the Dungeon)

   [ring of resist corrosion]

   rN:        It protects you from negative energy.
   MP:        It affects your magic capacity (+9).
   +Blink:    It lets you blink.
   rCorr:     It protects you from acid and corrosion.
   *Slow:     It may slow you when you take damage.
Scrolls
 c - a scroll of vulnerability
 f - a scroll of identify
 h - a scroll of silence


   Skills:
 + Level 1.7 Fighting
 + Level 3.7 Slings
 + Level 2.1 Dodging
 + Level 0.2 Stealth
 + Level 1.4 Spellcasting
 + Level 4.1 Hexes
 + Level 0.1 Translocations


You couldn't memorise any spells.
You knew the following spells:

 Your Spells              Type           Power      Damage    Failure   Level
a - Slow                  Hex            48%        N/A       4%          1
b - Portal Projectile     Hex/Tloc       14%        N/A       30%         3
c - Animate Skeleton      Necr           0%         N/A       26%         1

Your spell library contained the following spells:

 Spells                   Type           Power      Damage    Failure   Level
 Pain                     Necr           0%         1d4       26%         1
 Summon Small Mammal      Summ           0%         N/A       26%         1
 Inner Flame              Hex/Fire       6%         N/A       32%         3
 Summon Guardian Golem    Hex/Summ       6%         N/A       32%         3
 Cause Fear               Hex            6%         N/A       41%         4
 Call Canine Familiar     Summ           0%         N/A       58%         3
 Vampiric Draining        Necr           0%         2d6       58%         3
 Summon Lightning Spire   Summ/Air       0%         N/A       94%         4
 Storm Form               Tmut/Air       0%         N/A       100%        7
 Maxwell's Capacitive Co  Air            0%         ∞         100%        8


Dungeon Overview and Level Annotations

Branches:
Dungeon (2/15)

Altars:
Ashenzari


Innate Abilities, Weirdness & Mutations

You cannot be hasted, slowed, berserked, paralysed or teleported.
You can dig through walls and to a lower floor.
You have a pair of large antennae on your head. (SInv)
Your four strong arms can wield two-handed weapons with a shield.


Message History

The sling bullet hits the goblin.
You kill the goblin!
The kobold closely misses you. The kobold misses you.
Fire: a) +1 hunting sling
Press: ? - help, Q - select action, (/) - cycle Shift-Dir - straight line, f/p - kobold
Aim: a kobold, wielding a +1 short sword of speed (45% to hit)
You shoot a sling bullet.
The sling bullet closely misses the kobold.
The kobold barely misses you. The kobold closely misses you.
The kobold hits you with a +1 short sword of speed.
Fire: a) +1 hunting sling
Press: ? - help, Q - select action, (/) - cycle Shift-Dir - straight line, f/p - kobold
Aim: a kobold, wielding a +1 short sword of speed (45% to hit)
You shoot a sling bullet. The sling bullet hits the kobold.
The kobold is severely wounded.
The kobold hits you with a +1 short sword of speed. x2
* * * LOW HITPOINT WARNING * * *
Fire: a) +1 hunting sling
Press: ? - help, Q - select action, (/) - cycle Shift-Dir - straight line, f/p - kobold
Aim: a kobold, wielding a +1 short sword of speed (severely wounded, 45% to hit)
You shoot a sling bullet.
The sling bullet completely misses the kobold.
The kobold barely misses you.
Fire: a) +1 hunting sling
Press: ? - help, Q - select action, (/) - cycle Shift-Dir - straight line, f/p - kobold
Aim: a kobold, wielding a +1 short sword of speed (severely wounded, 45% to hit)
You shoot a sling bullet.
The sling bullet closely misses the kobold.
The kobold hits you but does no damage.
The kobold hits you with a +1 short sword of speed.
* * * LOW HITPOINT WARNING * * *
Fire: a) +1 hunting sling
Press: ? - help, Q - select action, (/) - cycle Shift-Dir - straight line, f/p - kobold
Aim: a kobold, wielding a +1 short sword of speed (severely wounded, 45% to hit)
You shoot a sling bullet.
The sling bullet closely misses the kobold.
The kobold barely misses you. The kobold hits you but does no damage.
Unknown command.
The kobold hits you with a +1 short sword of speed.
You die...

###. #.... .....
...... .†....
#).....
##.......
#.K).....
##@##..... #..#
... #.## . .. #
#.# #.### #.#
.........##[...
#.# .........
#....
####(###.......#
#.... #......#
......###....
#......#
#...........


You could see a kobold.

Vanquished Creatures
  3 adders (D:2)
  3 dart slugs
  3 ball pythons (D:1)
  5 bats (D:1)
  An endoplasm (D:1)
  A giant cockroach (D:1)
  5 goblins
  4 hobgoblins
  2 jackals (D:1)
  2 kobolds
  2 quokkas (D:1)
  2 frilled lizards
  3 rats (D:1)
36 creatures vanquished.

Vanquished Creatures (collateral kills)
  A kobold (D:2)
  A rat (D:2)
2 creatures vanquished.

Grand Total: 38 creatures vanquished

Notes
Turn   | Place    | Note
-------+----------+-------------------------------------------
     0 | D:1      | brightf1ame the Formicid Arcane Marksman began the quest
                  | for the Orb.
     0 | D:1      | Reached XP level 1. HP: 15/15 MP: 2/2
   101 | D:1      | Reached XP level 2. HP: 15/21 MP: 1/3
   126 | D:1      | Reached skill level 4 in Hexes
   413 | D:1      | Identified a scroll of acquirement
   413 | D:1      | Acquired the ring "Foclocuu" {*Slow +Blink rN+ rCorr MP+9}
   618 | D:1      | Reached XP level 3. HP: 14/26 MP: 4/4
   622 | D:1      | Learned a level 3 spell: Portal Projectile
  1136 | D:2      | Found a broken altar of Ashenzari.
  1271 | D:2      | Reached XP level 4. HP: 16/33 MP: 6/6
  1280 | D:2      | Learned a level 1 spell: Animate Skeleton
  1413 | D:2      | HP: 1/33 [kobold/+1 short sword of speed (6)]
  1415 | D:2      | Slain by a kobold

Illustrated notes

Levels and vault maps discovered:
D:1:      amcnicky_arrival_flooded_fountain, layout_basic, grunt_decor_arrowhead
D:2:      layout_rooms, basic_altar, kennysheep_decorative_pillar

Skill      XL: |  1  2  3 |
---------------+----------+-----
Hexes          | 4 |  4.1
Dodging        | 2 |  2.1
Slings         | 3 |  3.7
Fighting       | |  1.7
Stealth        | |  0.2
Spellcasting   | |  1.4
Translocations | |  0.1

Action                   |  1- 3 |  4- 6 || total
-------------------------+-------+-------++-------
Melee: Falchion          |     3 |       ||     3
 Fire: Hunting sling     |   118 |    28 ||   146
 Cast: Slow              |     9 |       ||     9
       Portal Projectile |     6 |       ||     6
       Animate Skeleton  |       |     3 ||     3
  Use: Scroll            |     3 |       ||     3
       Potion            |     1 |       ||     1
Armor: Robe              |    31 |     4 ||    35
Dodge: Dodged            |    97 |    20 ||   117

Table legend: (Time is in decaauts)
 A = Elapsed time spent in this place.
 B = Non-inter-level travel time spent in this place.
 C = Inter-level travel time spent in this place.
 D = Time resting spent in this place.
 E = Time spent auto-exploring this place.
 F = Levels seen in this place.
 G = Mean time per level.
                   A        B        C        D        E       F      G
               +--------+--------+--------+--------+--------+-----+--------+
         Total |   1465 |    690 |    775 |      0 |     63 |   2 |  732.5 |
       Dungeon |   1465 |    690 |    775 |      0 |     63 |   2 |  732.5 |
               +--------+--------+--------+--------+--------+-----+--------+

Top non-repeatable levels by time:
     D:1: 1169 daAuts
     D:2: 296 daAuts
